AoeStats
← gameboy506

Arena

510058955Analyzed
3v3 RM · 2d ago on Sep 29, 2026· 39m 15s· 6 players
Game mode
Random Map
Map size
Normal (6 player)
Population
200
Speed
Normal
Resources
Standard
Victory
Conquest
Starting age
Dark Age
Ending age
Imperial Age
RankedLock teamsTeams togetherTeam positionsShared explorationLock speedFull tech treeHidden civsTurbo modeCheats
Victory
Defeat
🇹🇼 Burgundians · Taiwan
1038
+11
🇹🇼 Vikings · Taiwan
1016
+12
🇹🇼 Huns · Taiwan
990
+13
🇦🇺 Malians · Australia
966
-13
🇦🇺 Bohemians · Australia
966
-13
🇦🇺 Khmer · Australia
858
-10
右臂刺著貓頭鷹
9:24 Feudal Age
10:01 Double-Bit Axe
9:58 Horse Collar
16:36 Castle Age
14:41 Gold Mining
15:25 Fletching
17:01 Bloodlines
17:50 Bodkin Arrow
20:30 Light Cavalry
21:11 Husbandry
23:24 Thumb Ring
32:15 Padded Archer Armor
33:26 Wheelbarrow
36:22 Scale Barding Armor
gameboy506
11:16 Feudal Age
12:47 Double-Bit Axe
15:56 Castle Age
15:40 Horse Collar
18:09 Bow Saw
21:45 Scale Barding Armor
22:35 Light Cavalry
26:41 Forging
31:07 Fletching
34:34 Imperial Age
33:07 Iron Casting
32:52 Chain Barding Armor
34:06 Stone Mining
34:29 Heavy Plow
35:44 Cavalier
37:30 Conscription
37:31 Caravan
38:55 Blast Furnace
37:55 Scale Mail Armor
39:24 Town Watch
39:04 Elite Berserk
39:55 Squires
Pineapple_Hsiao
6:00 Double-Bit Axe
10:42 Feudal Age
9:13 Horse Collar
11:49 Bow Saw
17:55 Castle Age
17:10 Gold Mining
20:22 Wheelbarrow
20:23 Stone Mining
21:02 Scale Barding Armor
20:59 Husbandry
24:06 Heavy Plow
25:07 Two-Man Saw
25:02 Cavalier
26:37 Forging
27:13 Hand Cart
29:13 Crop Rotation
29:44 Iron Casting
29:30 Chain Barding Armor
32:02 Caravan
34:46 Imperial Age
32:50 Fervor
33:24 Burgundian Vineyards
33:01 Light Cavalry
35:52 Conscription
35:18 Paladin
37:45 Chemistry
36:26 Treadmill Crane
38:38 Plate Barding Armor
39:04 Blast Furnace
39:20 Stone Shaft Mining
39:21 Gold Shaft Mining
FilthyASS244
10:38 Feudal Age
14:54 Castle Age
12:53 Horse Collar
16:29 Wheelbarrow
15:48 Double-Bit Axe
16:36 Heavy Plow
20:05 Loom
20:16 Stone Mining
20:20 Gold Mining
21:39 Hand Cart
27:32 Forging
27:23 Scale Mail Armor
30:59 Elite Skirmisher
32:02 Padded Archer Armor
31:53 Fletching
34:51 Leather Archer Armor
34:32 Bodkin Arrow
Teapoo Two
12:00 Feudal Age
13:55 Loom
14:16 Double-Bit Axe
14:50 Horse Collar
18:26 Castle Age
21:07 Wheelbarrow
21:13 Scale Barding Armor
21:19 Forging
22:15 Bow Saw
24:07 Heavy Plow
30:27 Tusk Swords
31:26 Bloodlines
31:17 Husbandry
33:23 Hand Cart
34:13 Light Cavalry
Trevzxx
11:24 Feudal Age
15:26 Castle Age
13:59 Double-Bit Axe
13:56 Horse Collar
15:49 Wheelbarrow
14:59 Loom
16:57 Bow Saw
20:08 Loom
20:09 Town Watch
21:21 Hand Cart
22:07 Heavy Plow
29:30 Imperial Age
27:45 Pikeman
29:43 Forging
29:33 Scale Mail Armor
32:57 Chemistry
34:30 Fletching
34:40 Halberdier
36:57 Iron Casting
36:38 Chain Mail Armor
36:27 Elite Hussite Wagon
37:29 Conscription
36:55 Houfnice
Connection lost

Rejoining the realm…

Still unreachable

The connection could not be restored.

Session expired

The server has moved on; the page needs a fresh start.